 Dungeon Crawl Stone Soup version 0.28-a0-732-g75e6d9beac (webtiles) character file.

Game seed: 13328285534608659438

443 Johnny the Slasher (level 7, -2/56 HPs)
             Began as a Human Berserker on Oct 29, 2021.
             Was a Believer of Trog.
             Splashed by a jelly's acid (8 damage)
             ... on level 4 of the Dungeon.
             The game lasted 00:02:34 (3039 turns).

Johnny the Slasher (Human Berserker)                Turns: 3039, Time: 00:02:35

Health: -2/56      AC:  0    Str: 19    XL:     7   Next: 23%
Magic:  7/7        EV: 11    Int:  8    God:    Trog [**....]
Gold:   172        SH:  0    Dex: 12    Spells: 6/6 levels left

rFire   . . .      SeeInvis .   g - +0 short sword (drain)
rCold   . . .      Faith    .   (no shield)
rNeg    . . .      Spirit   .   d - +0 ring mail
rPois   .          Reflect  .   (no helmet)
rElec   .          Harm     .   (no cloak)
rCorr   .          Rampage  .   k - +0 pair of gloves
Will    ++...                   (no boots)
Stlth   +.........              (no amulet)
HPRegen 1.18/turn               (no ring)
MPRegen 0.10/turn               (no ring)

@: strong-willed, corroded, on berserk cooldown, regenerating, slowed, very slow
A: iridescent scales 1
a: Renounce Religion, Berserk, Trog's Hand


You were on level 4 of the Dungeon.
You worshipped Trog.
Trog was pleased with you.
You visited 1 branch of the dungeon, and saw 4 of its levels.

You collected 172 gold pieces.

Inventory:

Hand Weapons
 a - a +0 falchion
 g - a +0 short sword of draining (weapon)
 r - a +0 scimitar
Armour
 d - a +0 ring mail (worn)
 k - a +0 pair of gloves (worn)
Wands
 i - a wand of flame (20)
Scrolls
 e - a scroll of blinking {unknown}
 f - 2 scrolls of teleportation {unknown}
 h - a scroll of vulnerability {unknown}
 j - a scroll of acquirement {unknown}
 n - 2 scrolls of identify {unknown}
 p - a scroll of enchant armour {unknown}
 q - a scroll of noise {unknown}
Potions
 b - a potion of mutation
 c - a potion of curing {unknown}
 l - a potion of heal wounds {unknown}
 m - a potion of attraction {unknown}
 o - 2 potions of brilliance {unknown}
 s - 2 potions of degeneration {unknown}


   Skills:
 + Level 5.0 Fighting
 * Level 6.5 Long Blades
 - Level 2.0 Armour
 - Level 2.0 Dodging


You had 6 spell levels left.
You didn't know any spells.
Your spell library was empty.

Dungeon Overview and Level Annotations

Branches:
Dungeon (4/15)
 Temple: D:4-7

Altars:

Shops:
D:3 [

Annotations:
D:4 2 runed translucent doors


Innate Abilities, Weirdness & Mutations

You are partially covered in iridescent scales. (AC +2)


Message History

No target in view!
A jelly comes into view.
The jelly quivers.
Items here: )) [ ††.
The jelly closely misses you. The jelly hits you but does no damage.
You hit the jelly.
Your hands burn!
The jelly is moderately wounded.
The jelly barely misses you.
You hit the jelly. You drain the jelly. The acid corrodes you!
Your hands burn!
The jelly is severely wounded.
The jelly hits you.
You are splashed with acid!
An orc comes into view. It is wielding a +0 hand axe.
The jelly hits you but does no damage.
You are too injured to fight recklessly!
You are too injured to fight recklessly!
You are too injured to fight recklessly!
You are too injured to fight recklessly!
You are too injured to fight recklessly!
You are too injured to fight recklessly!
Your skin crawls.
You feel strong-willed.
The orc shouts!
The jelly closely misses you.
You hit the jelly.
Your hands burn!
The jelly is almost dead.
The jelly hits you. The acid corrodes you!
You are splashed with acid!
* * * LOW HITPOINT WARNING * * *
The jelly hits you.
* * * LOW HITPOINT WARNING * * *
You are splashed with acid!
* * * LOW HITPOINT WARNING * * *
Items here: )) [ ††.
It was a potion of mutation.
You feel extremely strange.
You feel stronger.
Iridescent scales grow over part of your body.
You feel weaker. The jelly hits you.
* * * LOW HITPOINT WARNING * * *
You are splashed with acid!
You die...

#..##
#.##8))8##...#
..##
##†#8....8#...#
.## #.)'......+
## #..'......+
# #..#8....8
######..##8/}8#
.........######
.....###'# #..
....##@#)# #...
....#J#(##
#...# ##. #o###
####...# # #.#
.#....# #.#
......# ##.
......# #
.)....# .(....#


You could see a jelly (drained) and an orc.

Vanquished Creatures
  A scorpion (D:4)
  A hound (D:4)
  2 iguanas (D:4)
  4 orc wizards (D:4)
  A hound zombie (D:4)
  9 adders
  2 ufetubi
  2 adder skeletons (D:4)
  A worm (D:3)
  2 dart slugs
  9 orcs (D:4)
  5 endoplasms
  11 goblins
  7 hobgoblins
  7 jackals
  2 quokkas
  5 ball pythons
  7 bats
  A jackal skeleton (D:4)
  8 kobolds
  3 rats
90 creatures vanquished.

Notes
Turn   | Place    | Note
-------+----------+-------------------------------------------
     0 | D:1      | Johnny the Human Berserker began the quest for the Orb.
     0 | D:1      | Reached XP level 1. HP: 18/18 MP: 1/1
   121 | D:1      | Found a faded altar of an unknown god.
   285 | D:1      | Reached XP level 2. HP: 24/24 MP: 2/2
   587 | D:2      | Reached XP level 3. HP: 29/29 MP: 3/3
   701 | D:2      | Reached skill level 4 in Long Blades
   919 | D:2      | Reached XP level 4. HP: 22/36 MP: 4/4
  1238 | D:2      | Reached ** piety under Trog
  1424 | D:2      | Reached XP level 5. HP: 38/42 MP: 5/5
  1567 | D:2      | You fall into a shaft and drop 2 floors!
  1597 | D:4      | Reached skill level 5 in Long Blades
  1606 | D:4      | Reached XP level 6. HP: 48/48 MP: 6/6
  2217 | D:3      | Found Waulomah's Antique Armour Boutique.
  2915 | D:4      | Found a large runed translucent door.
  2916 | D:4      | Found a large runed translucent door.
  2920 | D:4      | Found a large runed translucent door.
  2920 | D:4      | Found a large runed translucent door.
  2927 | D:4      | Reached skill level 6 in Long Blades
  2993 | D:4      | Reached XP level 7. HP: 31/55 MP: 7/7
  3015 | D:4      | Reached skill level 5 in Fighting
  3039 | D:4      | Gained mutation: Your muscles are strong. (Str +2) [potion
                  | of mutation]
  3039 | D:4      | Gained mutation: You are partially covered in iridescent
                  | scales. (AC +2) [potion of mutation]
  3039 | D:4      | Lost mutation: Your muscles are strong. (Str +2) [potion of
                  | mutation]
  3039 | D:4      | Splashed by a jelly's acid

Illustrated notes

Levels and vault maps discovered:
D:1:      erik_arrival_blinker_ship, layout_rooms,
          hellmonk_ecumenical_altar_slurped_away, minivault_26,
          minmay_misc_feat_columns, chequers_serial_rivers_micro_b
D:2:      layout_rooms, minivault_26
D:3:      layout_basic, serial_shops, shop
D:4:      layout_layer_cave, minmay_hollow_rounded_squares

Skill      XL: |  1  2  3  4  5  6  7 |
---------------+----------------------+-----
Long Blades    | 4 5 6 |  6.5
Fighting       | 4 5 |  5.0
Armour         | |  2.0
Dodging        | |  2.0

Action                   |  1- 3 |  4- 6 |  7- 9 || total
-------------------------+-------+-------+-------++-------
Melee: Falchion          |    63 |    50 |       ||   113
       Short sword       |       |   168 |    25 ||   193
Invok: Berserk           |     2 |     4 |     1 ||     7
       Trog's Hand       |       |     3 |     1 ||     4
  Use: Potion            |       |       |     1 ||     1
 Stab: Sleeping          |     1 |       |       ||     1
       Distracted        |       |       |     1 ||     1
Armor: Ring mail         |    30 |   106 |     9 ||   145
Dodge: Dodged            |    37 |   147 |    14 ||   198

Table legend: (Time is in decaauts)
 A = Elapsed time spent in this place.
 B = Non-inter-level travel time spent in this place.
 C = Inter-level travel time spent in this place.
 D = Time resting spent in this place.
 E = Time spent auto-exploring this place.
 F = Levels seen in this place.
 G = Mean time per level.
                   A        B        C        D        E       F      G
               +--------+--------+--------+--------+--------+-----+--------+
         Total |   3097 |   3038 |     59 |    390 |   2028 |   4 |  774.2 |
       Dungeon |   3097 |   3038 |     59 |    390 |   2028 |   4 |  774.2 |
               +--------+--------+--------+--------+--------+-----+--------+

Top non-repeatable levels by time:
     D:2: 1055 daAuts
     D:1: 776 daAuts
     D:4: 635 daAuts
     D:3: 629 daAuts
